Map: Prion Terraces

Players

Koralin - Winner!

  • Race: Terran Terran
  • League: Diamond

LilDicky

  • Race: Terran Terran
  • League: Diamond

VOD

http://www.twitch.tv/tumescentpie

Description

Time

  • Played on: Dec. 2, 2015, noon
  • Length: 10:37
Show
View Real Time Build Order
Export as new Build Order

Koralin Terran - Winner!

Build Orders: 1/1/1 

Get SALT Encoding   

  12  0:01  SCV  
  13  0:13  SCV  
  14  0:21  Supply Depot  
  14  0:25  SCV  
  15  0:32  Refinery  
  15  0:43  SCV  
  15  0:49  Barracks  
  16  0:55  SCV  
  17  1:07  SCV  
  18  1:15  Refinery  
  18  1:19  SCV  
  19  1:25  Supply Depot  
  19  1:38  Orbital Command  
  19  1:39  Factory  
  19  1:50  Marine  
  20  2:06  SCV  
  21  2:14  Barracks Tech Lab  
  21  2:18  SCV  
  22  2:26  Starport  
  24  2:30  Hellion  
  24  2:36  Marine  
  22  2:45  SCV  
  23  2:54  Command Center  
  23  2:57  SCV  
  23  3:04  Widow Mine  
  25  3:09  SCV  
  26  3:22  SCV  
  27  3:27  Raven  
  27  3:30  Marine  
  30  3:34  SCV  
  30  3:35  Supply Depot  
  31  3:56  SCV, Widow Mine  
  31  3:59  Command Center  
  34  4:10  Orbital Command  
  34  4:14  Raven  
  34  4:15  SCV  
  37  4:19  Marine  
  38  4:32  Widow Mine  
  38  4:34  SCV  
  41  4:46  Command Center  
  41  4:47  SCV  
  42  4:53  SCV  
  42  4:56  Marine  
  44  5:12  Factory Tech Lab  
  44  5:13  Engineering Bay, Orbital Command  
  44  5:15  Raven  
  44  5:18  Marine  
  44  5:19  SCV x2  
  49  5:23  Refinery x2  
  49  5:30  Engineering Bay  
  49  5:34  SCV  
  49  5:35  Supply Depot  
  50  5:36  SCV  
  50  5:42  SCV  
  52  5:46  SCV  
  50  6:03  SCV x3  
  54  6:06  Orbital Command  
  53  6:16  Marine  
  53  6:17  Siege Tank  
  53  6:18  Raven  
  57  6:25  Missile Turret  
  55  6:35  Marine  
  55  6:39  SCV x4  
  60  6:47  Missile Turret  
  60  6:51  Hi-Sec Auto Tracking  
  59  7:01  Raven  
  58  7:13  Marine  
  58  7:14  Siege Tank  
  58  7:15  SCV x3  
  62  7:16  SCV  
  64  7:23  Missile Turret  
  64  7:27  SCV  
  65  7:34  Starport  
  65  7:36  Factory, Missile Turret  
  65  7:38  Building Armor  
  65  7:39  Starport  
  65  7:41  Marine  
  65  7:44  Missile Turret  
  66  7:48  Terran Infantry Armor Level 1  
  66  7:57  Command Center  
  65  7:58  Missile Turret  
  65  8:05  Siege Tank  
  68  8:12  SCV x3  
  71  8:17  Starport Tech Lab, Starport Reactor  
  71  8:19  Explosive Shrapnel Shells  
  71  8:22  Factory Tech Lab  
  71  8:23  Marine  
  72  8:39  Siege Tank  
  72  8:41  Marine  
  76  8:47  SCV x2, Sensor Tower  
  76  8:48  SCV x2  
  80  8:58  Marine  
  80  8:59  Siege Tank  
  80  9:01  Viking  
  86  9:06  Missile Turret  
  86  9:08  Missile Turret  
  82  9:11  Refinery  
  82  9:15  Planetary Fortress  
  82  9:16  Marine  
  82  9:20  Missile Turret  
  82  9:22  SCV x4  
  86  9:28  Missile Turret  
  86  9:29  Missile Turret  
  86  9:34  Marine  
  87  9:42  Missile Turret  
  84  9:49  Missile Turret  
  84  9:50  Missile Turret  
  83  10:01  Marine  
  83  10:02  Siege Tank x2  
  83  10:04  Missile Turret  
  90  10:10  Refinery  
  90  10:12  Missile Turret  
Show
View Real Time Build Order
Export as new Build Order

LilDicky Terran 

Build Orders: Mech, Banshee Rush 

Get SALT Encoding   

  12  0:01  SCV  
  13  0:13  SCV  
  14  0:18  Supply Depot  
  14  0:26  SCV  
  15  0:32  Refinery  
  15  0:39  SCV  
  16  0:45  Barracks  
  16  0:53  SCV  
  17  1:06  SCV  
  18  1:18  SCV  
  21  1:32  Reaper  
  21  1:34  Supply Depot  
  21  1:36  Orbital Command  
  20  1:41  Refinery  
  20  2:01  SCV  
  20  2:03  Factory  
  20  2:04  Marine  
  21  2:16  SCV  
  21  2:22  Supply Depot  
  22  2:23  Marine  
  22  2:28  SCV  
  24  2:52  Marine  
  24  2:53  Factory Tech Lab  
  24  2:55  SCV, Starport  
  24  2:58  Engineering Bay  
  25  3:08  SCV  
  25  3:10  Marine  
  27  3:18  Widow Mine  
  29  3:20  SCV  
  30  3:30  Marine  
  31  3:38  Supply Depot  
  31  3:39  Missile Turret  
  31  3:40  Banshee, Cloaking Field  
  34  3:48  Marine  
  34  3:50  Widow Mine  
  34  3:51  SCV  
  38  3:56  Supply Depot  
  38  4:04  SCV  
  38  4:06  Marine  
  40  4:16  SCV  
  41  4:19  Supply Depot  
  41  4:23  Banshee  
  41  4:24  Marine  
  44  4:26  Factory Tech Lab  
  44  4:28  SCV  
  46  4:39  Command Center  
  46  4:41  Marine  
  46  4:45  Siege Tank  
  50  4:52  SCV  
  51  4:59  Marine  
  49  5:13  SCV  
  50  5:17  Siege Tank, Marine  
  54  5:28  SCV  
  54  5:32  Banshee  
  54  5:35  Marine  
  59  5:40  SCV  
  60  5:44  Terran Infantry Weapons Level 1  
  60  5:49  Siege Tank  
  63  5:53  Marine  
  60  6:10  Marine  
  61  6:23  Banshee  
  62  6:28  Marine  
  50  6:46  Marine  
  51  7:04  Marine  
  49  7:14  Banshee, Siege Tank  
  49  7:17  Orbital Command  
  49  7:21  SCV  
  49  7:22  Marine  
  51  7:23  Refinery x2  
  51  7:26  Factory x2  
  51  7:29  Command Center  
  51  7:33  SCV  
  52  7:40  Marine  
  53  7:45  SCV x2  
  53  7:46  Siege Tank  
  58  7:57  SCV x2, Marine  
  59  8:09  SCV  
  59  8:10  Factory Tech Lab  
  59  8:12  Factory Tech Lab  
  60  8:15  Marine  
  60  8:17  SCV  
  61  8:32  Siege Tank x2  
  61  8:33  Siege Tank, Marine  
  63  8:35  Banshee  
  63  8:36  SCV  
  67  8:43  Orbital Command  
  67  8:45  SCV, Refinery  
  68  8:48  SCV  
  68  8:52  Missile Turret x2  
  68  8:53  Refinery  
  69  8:57  SCV  
  70  9:19  Cyclone x2  
  70  9:20  Cyclone  
  70  9:23  SCV  
  71  9:35  Barracks  
  71  9:36  Barracks  
  71  9:37  Barracks  
  67  9:58  Marine  
  68  10:12  Supply Depot  
  77  10:16  Marine  
  72  10:34  Command Center  
Tags
 
Add a new tag
Caveats
  • Supply blocks, unpowered buildings, or Contaminate may cause inaccurate times.
  • Supply counts are checked every 10 seconds.